 Dungeon Crawl Stone Soup version 0.25-a0-317-g5f8687b (webtiles) character file.

Game seed: 7109806386458006795, levelgen mode: deterministic

109 Birdy the Slasher (level 4, -1/37 HPs)
             Began as a Tengu Monk on Dec 25, 2019.
             Was a Believer of Qazlal.
             Slain by an orc
             ... wielding a +0 short sword
              (3 damage)
             ... on level 3 of the Dungeon.
             The game lasted 00:05:28 (1564 turns).

Birdy the Slasher (Tengu Monk)                      Turns: 1564, Time: 00:05:29

Health: -1/37      AC:  3    Str: 17    XL:     4   Next: 90%
Magic:  5/5        EV: 14    Int: 12    God:    Qazlal [**....]
Gold:   142        SH:  3    Dex: 17    Spells: 3/3 levels left

rFire    . . .     SeeInvis .   a - +0 falchion
rCold    . . .     Gourm    .   (no shield)
rNeg     . . .     Faith    .   k - +0 leather armour
rPois    +         Spirit   .   (helmet restricted)
rElec    .         Reflect  .   (no cloak)
rCorr    .         Harm     .   (no gloves)
MR       .....                  (boots unavailable)
Stlth    ..........             d - amulet of the acrobat
HPRegen  0.12/turn              l - ring of poison resistance
MPRegen  0.09/turn              (no ring)

@: berserking, very quick
A: beak, talons 3, clever 1, frail 1
a: Upheaval, Renounce Religion


You were on level 3 of the Dungeon.
You worshipped Qazlal.
Qazlal was pleased with you.
You were very hungry.

You visited 1 branch of the dungeon, and saw 3 of its levels.

You collected 142 gold pieces.

Inventory:

Hand Weapons
 a - a +0 falchion (weapon)
Armour
 k - a +0 leather armour (worn)
Jewellery
 d - an amulet of the acrobat (around neck)
 l - a ring of poison resistance (left hand)
Wands
 q - a wand of enslavement (11)
Scrolls
 f - a scroll of blinking {unknown}
 g - 2 scrolls of magic mapping {unknown}
 h - 3 scrolls of remove curse {unknown}
 i - a scroll of fear {unknown}
 j - a scroll of fog {unknown}
 m - 3 scrolls of teleportation {unknown}
 n - a scroll of enchant weapon {unknown}
 o - a scroll of random uselessness {unknown}
Comestibles
 c - 7 rations


   Skills:
 + Level 3.3 Fighting
 * Level 4.2 Long Blades
 * Level 2.2 Armour
 * Level 4.2 Dodging
 - Level 2.0 Stealth


You had 3 spell levels left.
You didn't know any spells.
Your spell library was empty.

Dungeon Overview and Level Annotations

Branches:
Dungeon (3/15)

Altars:
Fedhas
Makhleb
Okawaru
Qazlal
Trog
Xom
Yredelemnul


Innate Abilities, Weirdness & Mutations

You have a beak for a mouth.
You have claws for feet.
Your mind is acute. (Int +2)
You are frail. (-10% HP)


Message History

You hear a shout!
The orc wizard gestures at you while chanting.
The magic dart hits you. The orc barely misses you. The orc closely misses you.
The orc wizard closely misses you. The hobgoblin closely misses you.
The orc hits you.
* * * LOW HITPOINT WARNING * * *
A red film seems to cover your vision as you go berserk!
You feel yourself moving faster!
You feel mighty! You block the orc's attack. The orc wizard misses you.
You riposte.
You slash the orc wizard!
You kill the orc wizard!
Qazlal accepts your kill.
A kobold comes into view. It is wielding a +0 dagger.
The orc closely misses you.
You riposte.
You barely miss the orc.
The orc is severely wounded.
You closely miss the orc. You claw the orc.
The orc is moderately wounded.
The hobgoblin hits you with a +0 club.
* * * LOW HITPOINT WARNING * * *
The orc hits you with a +0 short sword.
You die...

####### ##########
#.....#
.........###.###.#####
.......#..)..........#
######....##.#.#.###.#
# #..........)....# ##
##........o@o##.# ^##
...##......og.....#
..#
######.###^##<......
.## #.# #.. ....#.#
..# #.# #.##..#.# #
### #.. K.#.# ## .<# #
..#


You could see 3 orcs, a hobgoblin and a kobold.

Vanquished Creatures
  An orc wizard (D:3)
  3 adders (D:2)
  An ooze (D:3)
  A dart slug (D:2)
  2 leopard geckos (D:1)
  An orc (D:3)
  A ball python (D:2)
  5 bats
  A giant cockroach (D:2)
  3 hobgoblins
  7 jackals (D:2)
  A quokka (D:2)
  2 frilled lizards
  5 goblins
  5 kobolds
  5 rats
  A spectral orc (D:3)
45 creatures vanquished.

Notes
Turn   | Place    | Note
-------+----------+-------------------------------------------
     0 | D:1      | Birdy the Tengu Monk began the quest for the Orb.
     0 | D:1      | Reached XP level 1. HP: 14/14 MP: 2/2
   168 | D:1      | Reached XP level 2. HP: 17/19 MP: 3/3
   281 | D:1      | Reached skill level 1 in Armour
   591 | D:2      | Found a burning altar of Makhleb.
   593 | D:2      | Found an iron altar of Okawaru.
   594 | D:2      | Found a bloodstained altar of Trog.
   633 | D:2      | Reached XP level 3. HP: 12/23 MP: 4/4
   813 | D:2      | Found a blossoming altar of Fedhas.
   872 | D:2      | Found a faded altar of an unknown god.
  1204 | D:2      | Reached XP level 4. HP: 28/28 MP: 5/5
  1222 | D:2      | Found a shimmering altar of Xom.
  1290 | D:2      | Gained mutation: You are frail. (-10% HP) [potion of
                  | mutation]
  1290 | D:2      | Gained mutation: Your mind is acute. (Int +2) [potion of
                  | mutation]
  1459 | D:2      | Became a worshipper of Qazlal Stormbringer
  1459 | D:2      | Reached * piety under Qazlal
  1459 | D:2      | Reached ** piety under Qazlal
  1517 | D:3      | Found a basalt altar of Yredelemnul.
  1564 | D:3      | Slain by an orc

Levels and vault maps discovered:
D:1:      lemuel_arrival_behind_the_door_large, layout_basic,
          minmay_pentomino_r2
D:2:      layout_basic, fedhas_ov_isle_minmay, old_standard_altar,
          gammafunk_temple_overflow_forgotten, chequers_ecumenical_altar_grove,
          serial_curves, eino_curves_03, eino_curves_01
D:3:      layout_loops_ring, yredelemnul_forgotten_temple_becter,
          gammafunk_ghost_split

Skill      XL: |  1  2  3  4 |
---------------+-------------+-----
Armour         | 1 2 |  2.2
Dodging        | 4 |  4.2
Long Blades    | 4 |  4.2
Fighting       | |  3.3
Stealth        | |  2.0

Action                   |  1- 3 |  4- 6 || total
-------------------------+-------+-------++-------
Melee: Falchion          |    49 |    21 ||    70
       Kick              |    17 |    10 ||    27
       Peck              |     8 |     4 ||    12
  Use: Scroll            |     1 |     3 ||     4
       Potion            |       |     2 ||     2
 Stab: Sleeping          |     3 |     2 ||     5
  Eat: Chunk             |       |     1 ||     1
Armor: Robe              |     1 |       ||     1
       Leather armour    |    11 |     1 ||    12
Dodge: Dodged            |    80 |    27 ||   107
Block: Other             |       |     4 ||     4
       Rpst.: Falchion   |    32 |     8 ||    40

Table legend:
 A = Non-vault XP
 B = Vault XP
 C = Vault XP percentage of total XP
 D = Non-vault monster count
 E = Vault monster count
 F = Vault count percentage of total count
                 A         B        C        D         E       F
            +---------+---------+-------+---------+---------+-------
      Total |     152 |       5 |   3.2 |      42 |       3 |   6.7
            +---------+---------+-------+---------+---------+-------
        D:1 |      20 |       4 |  16.7 |      13 |       2 |  13.3
        D:2 |      81 |       0 |   0.0 |      25 |       0 |   0.0
        D:3 |      51 |       1 |   1.9 |       4 |       1 |  20.0
            +---------+---------+-------+---------+---------+-------
